 Dungeon Crawl Stone Soup version 0.29.1-1-gd02db6906a (webtiles) character file.

Game seed: 1649920560499169184

9348 LabCoat the Fighter (level 11, -6/104 HPs)
             Began as a Hill Orc Fighter on Oct 3, 2022.
             Was a Priest of Trog.
             Killed by divine providence
             ... invoked by an orc priest
              (13 damage)
             ... on level 11 of the Dungeon.
             The game lasted 00:31:45 (11408 turns).

LabCoat the Fighter (Hill Orc Fighter)             Turns: 11408, Time: 00:31:46

Health: -6/104     AC: 18    Str: 24    XL:     11   Next: 45%
Magic:  11/11      EV: 11    Int:  8    God:    Trog [***...]
Gold:   666        SH:  5    Dex: 10    Spells: 10/10 levels left

rFire   . . .      SeeInvis .   a - +1 war axe
rCold   . . .      Faith    .   c - +1 buckler
rNeg    . . .      Spirit   .   h - +0 plate armour
rPois   .          Reflect  .   (no helmet)
rElec   .          Harm     +   z - scarf {harm}
rCorr   .          Rampage  .   v - +2 pair of gloves
Will    ++...                   (no boots)
Stlth   ..........              (no amulet)
HPRegen 1.27/turn               k - +4 ring of evasion
MPRegen 0.12/turn               (no ring)

@: mighty, strong-willed (expiring), on berserk cooldown, regenerating
(expiring), slowed, very slow
A: no striking features
a: Renounce Religion, Convert to Beogh, Berserk, Trog's Hand


You were on level 11 of the Dungeon.
You worshipped Trog.
Trog was most pleased with you.
You visited 2 branches of the dungeon, and saw 12 of its levels.
You also visited: Ossuary.

You collected 666 gold pieces.

Inventory:

Hand Weapons
 a - a +1 war axe (weapon)
 f - a +4 mace
 g - a +0 flail
 E - a +0 battleaxe
Missiles
 s - 22 poisoned darts (quivered)
 t - 3 javelins
Armour
 c - a +1 buckler (worn)
 h - a +0 plate armour (worn)
 v - a +2 pair of gloves (worn)
 z - a scarf of harm (worn)
 B - a +2 tower shield
Jewellery
 e - an amulet of regeneration
 k - a +4 ring of evasion (left hand)
Wands
 u - a wand of charming (13)
 F - a wand of digging (2)
 H - a wand of flame (14)
Scrolls
 j - a scroll of butterflies
 m - a scroll of poison
 n - a scroll of silence
 o - a scroll of acquirement
 p - a scroll of blinking {unknown}
 q - 8 scrolls of teleportation
 y - a scroll of summoning {unknown}
 A - 2 scrolls of enchant weapon
 C - a scroll of magic mapping
 G - a scroll of fear {unknown}
 J - a scroll of amnesia {unknown}
 K - a scroll of brand weapon {unknown}
Potions
 b - a potion of magic
 d - 2 potions of might
 i - 3 potions of curing
 l - a potion of resistance
 r - a potion of ambrosia
 x - 3 potions of flight {unknown}
 D - 2 potions of cancellation {unknown}
 I - a potion of lignification {unknown}


   Skills:
 * Level 11.9 Fighting
 * Level 9.8 Axes
 + Level 5.9 Throwing
 + Level 10.6 Armour
 - Level 3.2 Shields
 + Level 6.4 Evocations


You had 10 spell levels left.
You didn't know any spells.
Your spell library contained the following spells:

 Spells                   Type           Power      Damage    Failure   Level
 Sandblast                Erth           0%         2d4       99%         1
 Blink                    Tloc           0%         N/A       100%        2
 Passwall                 Tmut/Erth      0%         N/A       100%        2
 Stone Arrow              Conj/Erth      0%         3d7       100%        3
 Fulminant Prism          Conj/Hex       0%         3d6       100%        4
 Iskenderun's Mystic Bla  Conj/Tloc      0%         2d3       100%        4
 Lee's Rapid Deconstruct  Erth           0%         3d5*      100%        5
 Manifold Assault         Tloc           0%         N/A       100%        5
 Storm Form               Tmut/Air       0%         N/A       100%        7
 Borgnjor's Revivificati  Necr           0%         N/A       100%        8
 Necromutation            Tmut/Necr      0%         N/A       100%        8
 Death's Door             Necr           0%         N/A       100%        9


Dungeon Overview and Level Annotations

Branches:
Dungeon (11/15)            Temple (1/1) D:5             Orc (0/2) D:11
Ossuary (visited)
   Lair: D:8-11

Altars:
Ashenzari
Cheibriados
Dithmenos
Elyvilon
Fedhas
Gozag
Hepliaklqana
Kikubaaqudgha
Makhleb
Nemelex Xobeh
Okawaru
Qazlal
Ru
Sif Muna
Trog
Uskayaw
Vehumet
Wu Jian
Xom
Yredelemnul
Zin
The Shining One

Shops:
D:5 :

Annotations:
D:6 2 transporters
D:7 2 transporters, ImASeal's ghost, novice TrFi


Message History

The komodo dragon bites you!! You block the orc priest's attack.
The komodo dragon bites you!!
You feel very mighty all of a sudden. You block the orc priest's attack.
The komodo dragon bites you but does no damage.
The orc priest shouts, "Surrender to Beogh and we'll let you live!"
You hit the komodo dragon.
The komodo dragon is moderately wounded.
You hit the orc priest.
The orc priest hits you but does no damage.
You block the komodo dragon's attack.
The orc priest invokes the aid of Beogh against you.
You resist with almost no effort.
The komodo dragon bites you but does no damage.
You slash the komodo dragon!
The komodo dragon is severely wounded.
You completely miss the orc priest.
The orc priest looks encouraged for a moment.
The komodo dragon bites you!
* * * LOW HITPOINT WARNING * * *
The orc priest hits you with a +0 trident.
* * * LOW HITPOINT WARNING * * *
You feel better.
You feel the effects of Trog's Hand fading.
The komodo dragon completely misses you.
The orc priest hits you but does no damage.
The komodo dragon bites you!
* * * LOW HITPOINT WARNING * * *
Okay, then.
You closely miss the orc priest.
The orc priest is severely wounded.
You slash the komodo dragon!
You kill the komodo dragon!
Trog accepts your kill.
The orc priest invokes the aid of Beogh against you.
Beogh smites you!
* * * LOW HITPOINT WARNING * * *
The orc priest calls down the wrath of Beogh upon you.
Beogh smites you!
You die...

.# .# ..# ... ..####
...#########....$.
..................
.........).o....# ≈≈≈
≈.........@.....# ≈≈≈≈
≈.......).......#
≈≈≈≈≈≈.................
≈≈≈≈≈≈ #####..........##
≈≈≈≈≈≈######..........#
≈≈≈.....................
........................
.######..###########.###
.######..##### .#


You could see an orc priest.

Vanquished Creatures
  3 two-headed ogres
  A komodo dragon (D:11)
  4 trolls
  2 hornets
  2 wraiths
  2 wyverns
  A steam dragon (D:8)
  6 yaks
  An acid dragon (D:10)
  A water moccasin (D:5)
  2 sky beasts
  2 orc warriors
  3 black bears
  2 ice beasts
  4 centaurs
  A phantom (D:5)
  2 kobold brigands
  2 bullfrogs (D:8)
  2 gnoll sergeants
  6 scorpions
  An elf zombie (Ossuary)
  A necrophage (D:6)
  11 wights
  11 killer bees
  2 howler monkeys
  A centaur zombie (Ossuary)
  2 human zombies (Ossuary)
  7 hounds
  2 orc priests
  A gnoll bouda (D:5)
  A jelly (D:5)
  6 iguanas
  14 orc wizards
  2 mummies (Ossuary)
  17 gnolls
  9 adders
  4 white imps
  2 ufetubi
  2 adder zombies (Ossuary)
  2 worms
  A dart slug (D:4)
  30 orcs
  4 bats
  7 endoplasms
  5 giant cockroaches
  4 goblins
  5 hobgoblins
  11 jackals
  20 kobolds
  2 quokkas
  3 ball pythons (D:1)
  5 frilled lizards
  3 goblin zombies (Ossuary)
  5 hobgoblin zombies (Ossuary)
  A jackal zombie (Ossuary)
  8 kobold zombies (Ossuary)
  13 orc zombies (Ossuary)
  2 rats
  A rat zombie (Ossuary)
277 creatures vanquished.

Vanquished Creatures (others)
  19 fungi (D:11)
  14 plants (D:11)
33 creatures vanquished.

Grand Total: 310 creatures vanquished

Notes
Turn   | Place    | Note
-------+----------+-------------------------------------------
     0 | D:1      | LabCoat the Hill Orc Fighter began the quest for the Orb.
     0 | D:1      | Reached XP level 1. HP: 19/19 MP: 1/1
   182 | D:1      | Reached XP level 2. HP: 27/27 MP: 2/2
   218 | D:1      | Reached skill level 4 in Fighting
   685 | D:1      | Reached XP level 3. HP: 33/33 MP: 3/3
  1155 | D:2      | Found a faded altar of an unknown god.
  1196 | D:2      | Reached XP level 4. HP: 32/41 MP: 4/4
  1595 | D:3      | Reached XP level 5. HP: 35/47 MP: 5/5
  1611 | D:3      | Reached skill level 5 in Fighting
  1611 | D:3      | Reached skill level 1 in Evocations
  2182 | D:3      | Reached skill level 1 in Throwing
  2240 | D:3      | Found a basalt altar of Yredelemnul.
  2477 | D:3      | Reached XP level 6. HP: 35/56 MP: 6/6
  2910 | D:4      | Found a snail-covered altar of Cheibriados.
  3441 | D:5      | Entered Level 5 of the Dungeon
  3463 | D:5      | Reached skill level 5 in Armour
  3578 | D:5      | Found a staircase to the Ecumenical Temple.
  3618 | Temple   | Entered the Ecumenical Temple
  3618 | Temple   | Found a transporter.
  3618 | Temple   | Found a transporter.
  3620 | Temple   | Found a transporter.
  3620 | Temple   | Found a transporter.
  3630 | Temple   | Became a worshipper of Trog the Wrathful
  3698 | D:5      | Reached XP level 7. HP: 62/62 MP: 7/7
  3700 | D:5      | Reached skill level 6 in Fighting
  3700 | D:5      | Reached skill level 5 in Axes
  4006 | D:5      | You fall into a shaft and drop 3 floors!
  4042 | D:8      | Noticed a wyvern
  4051 | D:8      | Killed a wyvern
  4052 | D:8      | Reached XP level 8. HP: 43/71 MP: 8/8
  4105 | D:8      | Reached skill level 7 in Fighting
  4201 | D:8      | Noticed a hornet
  4208 | D:8      | Paralysed by a hornet for 3 turns
  4211 | D:8      | Killed a hornet
  4411 | D:8      | Found a sand-covered staircase.
  4429 | D:8      | Reached * piety under Trog
  4448 | D:8      | Reached skill level 8 in Fighting
  4448 | D:8      | Found a hazy altar of Hepliaklqana.
  4451 | D:8      | Reached XP level 9. HP: 76/81 MP: 9/9
  4473 | Ossuary  | Entered an ossuary
  4587 | Ossuary  | Reached ** piety under Trog
  5009 | D:5      | Found Qiubries's Book Shop.
  5232 | D:5      | Reached skill level 9 in Fighting
  5344 | D:5      | Identified the +6 sling "Gaut" {vorpal, Will+}
  5467 | D:5      | Found the +7 Throatcutter {drain, coup de grace}
  5934 | D:6      | Found a transporter.
  5945 | D:6      | Identified a scroll of acquirement
  6029 | D:6      | Reached *** piety under Trog
  6233 | D:6      | Found a transporter.
  6422 | D:6      | Reached XP level 10. HP: 91/91 MP: 10/10
  6690 | D:7      | Found a burning altar of Makhleb.
  6927 | D:7      | Found a transporter.
  6946 | D:7      | Reached skill level 10 in Fighting
  6946 | D:7      | Reached skill level 5 in Evocations
  7038 | D:7      | Found a transporter.
  7038 | D:7      | Noticed ImASeal's ghost (novice TrFi)
  7096 | D:7      | Found an iron altar of Okawaru.
  7927 | D:8      | Identified the +1 leather armour of Perfidy {MP+9 Dex+3}
  8821 | D:9      | Reached skill level 5 in Throwing
  9054 | D:9      | Found a glowing golden altar of the Shining One.
  9268 | D:10     | Entered Level 10 of the Dungeon
  9305 | D:10     | Found an ancient bone altar of Kikubaaqudgha.
  9314 | D:10     | Found a shimmering altar of Xom.
  9674 | D:10     | Found a glowing silver altar of Zin.
 10336 | D:10     | Reached skill level 11 in Fighting
 10356 | D:10     | Reached XP level 11. HP: 46/102 MP: 11/11
 10567 | D:10     | Noticed a two-headed ogre
 10573 | D:10     | Killed a two-headed ogre
 10574 | D:10     | Reached skill level 10 in Armour
 10935 | D:11     | Noticed a two-headed ogre
 10941 | D:11     | Killed a two-headed ogre
 10973 | D:11     | Noticed a two-headed ogre
 10981 | D:11     | Killed a two-headed ogre
 10983 | D:11     | Found a staircase to the Orcish Mines.
 11408 | D:11     | Killed from afar by an orc priest

Illustrated notes

Levels and vault maps discovered:
D:1:      erik_arrival_cave_to_civilisation [erik_arrival_cave_to_hall],
          layout_basic, minmay_tall_x
D:2:      layout_loops_ring, hellmonk_ecumenical_altar_lost_god,
          grunt_ministairs_4
D:3:      layout_loops_ring, mainiacjoe_overflow_alcove_4, hex_large
D:4:      layout_basic, mainiacjoe_overflow_small_starburst
D:5:      cheibrodos_barr_body, layout_loops_ring, minmay_temple_entry_trees,
          serial_shops, shop_statue, kennysheep_generic_room_15
D:6:      gammafunk_cloud_chamber, layout_rooms, serial_co_window_serial,
          co_window_corner_a, co_window_of_opportunity_a, co_window_paths_a,
          co_window_corner_a, co_window_paths_a, co_window_2corner,
          co_window_broadway_c, co_window_broadway_c, co_window_paths_c,
          co_window_2corner, co_window_2corner, co_window_unsneaky_path_b,
          glass_columns_a
D:7:      layout_loops_ring, mainiacjoe_overflow_cross_hatched,
          mainiacjoe_overflow_concentric_impassable, gammafunk_ghost_stat_death
D:8:      layout_loops_cross, mainiacjoe_overflow_tiny_flanked,
          nicolae_ossuary_entry_false_entrances, solitary_fountain
D:9:      layout_loops_ring, nicolae_overflow_crystal_walls, minmay_hedge_maze
D:10:     layout_grid_maze, zin_statuary, mainiacjoe_overflow_large_starburst
D:11:     layout_long_grid, grunt_lair_entry_orc_guard_hut, orc_0_dummy,
          centaur_isle, uniq_lodul
Temple:   hellmonk_temple_divided_pantheon

Skill      XL: |  1  2  3  4  5  6  7  8  9 10 11 |
---------------+----------------------------------+-----
Fighting       | 4 5 6 8 9 11 | 11.9
Axes           | 3 4 5 6 7 9 |  9.8
Armour         | 4 5 6 7 8 9 10 | 10.6
Evocations     | 1 2 3 4 5 6 |  6.4
Throwing       | 1 2 3 4 5 |  5.9
Shields        | |  3.2

Action                   |  1- 3 |  4- 6 |  7- 9 | 10-12 || total
-------------------------+-------+-------+-------+-------++-------
Melee: War axe           |    92 |   156 |   391 |   249 ||   888
Throw: Javelin           |       |    10 |    10 |    21 ||    41
       Throwing net      |       |     2 |     1 |       ||     3
       Dart              |       |     1 |       |     9 ||    10
Invok: Berserk           |       |       |     2 |     3 ||     5
       Trog's Hand       |       |       |     1 |     5 ||     6
Evoke: Wand              |       |       |     2 |    12 ||    14
  Use: Scroll            |     5 |     5 |    11 |     1 ||    22
       Potion            |       |       |     1 |     7 ||     8
Armor: Scale mail        |    45 |    32 |       |       ||    77
       Plate armour      |       |    93 |   225 |   181 ||   499
Dodge: Dodged            |    44 |    38 |   150 |   154 ||   386
Block: Buckler           |    33 |    31 |   115 |    85 ||   264
